 Dungeon Crawl Stone Soup version 0.24.1-8-ga250c9d538 (webtiles) character file.

Game seed: 16740708245129449247, levelgen mode: deterministic

476 Peloso the Shield-Bearer (level 7, 59/59 HPs)
             Began as a Gnoll Fighter on May 5, 2020.
             Was an Initiate of Okawaru.
             Got out of the dungeon alive.
             The game lasted 00:06:56 (3324 turns).

Peloso the Shield-Bearer (Gnoll Fighter)            Turns: 3324, Time: 00:06:57

Health: 59/59      AC: 11    Str: 20    XL:     7   Next: 10%
Magic:  10/10      EV: 10    Int: 10    God:    Okawaru [......]
Gold:   151        SH: 11    Dex: 15    Spells: 10/10 levels left

rFire    . . .     SeeInvis .   a - +0 long sword
rCold    . . .     Gourm    .   c - +0 shield
rNeg     . . .     Faith    .   r - +0 chain mail
rPois    +         Spirit   .   e - +0 helmet
rElec    .         Reflect  .   (no cloak)
rCorr    .         Harm     .   (no gloves)
MR       .....                  (no boots)
Stlth    ..........             (no amulet)
HPRegen  0.19/turn              n - +3 ring of evasion
MPRegen  0.12/turn              q - ring of poison resistance

@: no status effects
A: distributed training, fangs 1, screaming 1, strong nose
a: Renounce Religion


You escaped.
You worshipped Okawaru.
Okawaru was noncommittal.
You were not hungry.

You visited 2 branches of the dungeon, and saw 5 of its levels.

You collected 151 gold pieces.

Inventory:

Hand Weapons
 a - a +0 long sword (weapon)
Armour
 b - a +0 scale mail
 c - a +0 shield (worn)
 e - a +0 helmet (worn)
 r - a +0 chain mail (worn)
Jewellery
 h - an uncursed amulet of rage {unknown}
 n - a +3 ring of evasion (left hand)
 q - a ring of poison resistance (right hand)
 s - a +1 ring of evasion
Scrolls
 g - 7 scrolls of identify {unknown}
 l - a scroll of remove curse
 o - 2 scrolls of teleportation
Potions
 d - 2 potions of might
 i - 2 potions of flight
 j - 2 potions of magic
 m - a potion of degeneration {unknown}
 p - a potion of brilliance {unknown}
 t - a potion of agility {unknown}
 u - a potion of invisibility {unknown}
Comestibles
 f - 7 rations


   Skills:
 + Level 6.9 Fighting
 + Level 2.2 Short Blades
 + Level 5.1 Long Blades
 + Level 2.2 Axes
 + Level 2.2 Maces & Flails
 + Level 2.2 Polearms
 + Level 2.2 Staves
 + Level 2.2 Slings
 + Level 2.2 Bows
 + Level 2.2 Crossbows
 + Level 2.2 Throwing
 + Level 6.9 Armour
 + Level 2.2 Dodging
 + Level 2.2 Stealth
 + Level 6.9 Shields
 + Level 2.2 Unarmed Combat
 + Level 2.2 Spellcasting
 + Level 1.8 Conjurations
 + Level 1.8 Hexes
 + Level 1.8 Charms
 + Level 1.8 Summonings
 + Level 1.8 Necromancy
 + Level 1.8 Translocations
 + Level 1.8 Transmutations
 + Level 1.8 Fire Magic
 + Level 1.8 Ice Magic
 + Level 1.8 Air Magic
 + Level 1.8 Earth Magic
 + Level 1.8 Poison Magic
 + Level 2.5 Invocations
 + Level 2.2 Evocations


You had 10 spell levels left.
You didn't know any spells.
Your spell library contained the following spells:

 Spells                   Type           Power        Failure   Level  Hunger
 Summon Small Mammal      Summ           #...         98%         1    ##.....
 Call Imp                 Summ           #.......     99%         2    ###....
 Call Canine Familiar     Summ           #.......     100%        3    ####...
 Summon Guardian Golem    Hex/Summ       #.......     100%        3    ####...
 Summon Ice Beast         Ice/Summ       #.......     100%        4    #####..
 Summon Lightning Spire   Summ/Air       #.......     100%        4    #####..


Dungeon Overview and Level Annotations

Branches:
Dungeon (4/15)             Temple (1/1) D:4

Altars:
Ashenzari
Cheibriados
Elyvilon
Gozag
Kikubaaqudgha
Makhleb
Nemelex Xobeh
Okawaru
Qazlal
Ru
Sif Muna
Uskayaw
Vehumet
Wu Jian
Yredelemnul
Zin
The Shining One


Innate Abilities, Weirdness & Mutations

Your experience applies equally to all skills.
You have very sharp teeth.
Your uncanny sense of smell can sniff out nearby items.
You occasionally shout uncontrollably at your foes.


Message History

Found 15 stones.
There is an open door here.
There is an open door here.
There is an open door here.
You are starting to lose your buoyancy.
There is an open door here.
There is a stone staircase leading up here.
You float gracefully downwards.
You climb upwards.
There is a stone staircase leading down here.
There is a stone staircase leading up here.
You climb upwards.
There is a stone staircase leading down here.
There is a stone staircase leading up here.
You climb upwards.
There is a stone staircase leading down here.
You see here 19 stones.
There is a staircase leading out of the dungeon here.
Are you sure you want to leave the Dungeon?
This will make you lose the game!
You have escaped!

...).....## #.# #.#
####.##### ##.## #.# ##...##
####...## #.#
##.....#####.......# #.#
#.......##...##..(.########.#
............................#
#........P#≈#P....(P#≈#P)...#
##......P##≈##P...P##≈##P.###
##...#..≈≈≈≈≈..@..≈≈≈≈≈..#
##.##.P##≈##P...P##≈##P.#
####..P#≈#P.....P#≈#P..#
#...................#
####.#####.#####..### #..#
#.# #.####### ########.##
##.# #.......# #.........#
##..## #.#####.#
#.#.###.#.###.#..## #.# #.#


There were no monsters in sight!

Vanquished Creatures
  An ice beast (D:3)
  The ghost of Lemonice the Charmwright, an amateur GnSk of Ashenzari (D:3)
  A phantom (D:4)
  A bullfrog (D:3)
  A hound (D:4)
  A worker ant (D:2)
  4 adders
  A river rat (D:3)
  An adder skeleton (D:4)
  A worm (D:3)
  A dart slug (D:3)
  3 leopard geckos (D:3)
  3 orcs (D:4)
  2 giant cockroaches
  3 goblins
  3 hobgoblins
  2 jackals (D:2)
  7 bats
  A frilled lizard (D:2)
  3 kobolds
  6 rats
47 creatures vanquished.

Notes
Turn   | Place    | Note
-------+----------+-------------------------------------------
     0 | D:1      | Peloso the Gnoll Fighter began the quest for the Orb.
     0 | D:1      | Reached XP level 1. HP: 23/23 MP: 1/1
   256 | D:1      | Reached XP level 2. HP: 28/29 MP: 2/2
   972 | D:2      | Reached XP level 3. HP: 35/35 MP: 2/4
  1131 | D:2      | Reached skill level 1 in Invocations
  1672 | D:3      | Noticed an ice beast
  1682 | D:3      | Killed an ice beast
  1682 | D:3      | Reached skill level 1 in Short Blades
  1682 | D:3      | Reached skill level 1 in Axes
  1682 | D:3      | Reached skill level 1 in Maces & Flails
  1682 | D:3      | Reached skill level 1 in Polearms
  1682 | D:3      | Reached skill level 1 in Staves
  1682 | D:3      | Reached skill level 1 in Slings
  1682 | D:3      | Reached skill level 1 in Bows
  1682 | D:3      | Reached skill level 1 in Crossbows
  1682 | D:3      | Reached skill level 1 in Throwing
  1682 | D:3      | Reached skill level 1 in Dodging
  1682 | D:3      | Reached skill level 1 in Stealth
  1682 | D:3      | Reached skill level 1 in Unarmed Combat
  1682 | D:3      | Reached skill level 1 in Spellcasting
  1682 | D:3      | Reached skill level 1 in Conjurations
  1682 | D:3      | Reached skill level 1 in Hexes
  1682 | D:3      | Reached skill level 1 in Charms
  1682 | D:3      | Reached skill level 1 in Summonings
  1682 | D:3      | Reached skill level 1 in Necromancy
  1682 | D:3      | Reached skill level 1 in Translocations
  1682 | D:3      | Reached skill level 1 in Transmutations
  1682 | D:3      | Reached skill level 1 in Fire Magic
  1682 | D:3      | Reached skill level 1 in Ice Magic
  1682 | D:3      | Reached skill level 1 in Air Magic
  1682 | D:3      | Reached skill level 1 in Earth Magic
  1682 | D:3      | Reached skill level 1 in Poison Magic
  1682 | D:3      | Reached skill level 1 in Evocations
  1682 | D:3      | Reached XP level 4. HP: 24/41 MP: 4/6
  1682 | D:3      | Reached XP level 5. HP: 28/47 MP: 4/7
  1818 | D:3      | Found a runed translucent door.
  1819 | D:3      | Noticed Lemonice's ghost (amateur GnSk)
  2069 | D:3      | Reached XP level 6. HP: 46/53 MP: 8/8
  2090 | D:3      | Killed Lemonice's ghost
  2090 | D:3      | Reached skill level 5 in Long Blades
  2691 | D:4      | Found a staircase to the Ecumenical Temple.
  2727 | Temple   | Entered the Ecumenical Temple
  2856 | Temple   | Became a worshipper of Warmaster Okawaru
  2967 | D:4      | Found a sacrificial altar of Ru.
  2969 | D:4      | Noticed a phantom
  3041 | D:4      | Killed a phantom
  3041 | D:4      | Reached XP level 7. HP: 54/59 MP: 10/10
  3194 | D:4      | Gained mutation: You occasionally shout uncontrollably at
                  | your foes. [potion of mutation]
  3194 | D:4      | Gained mutation: You are weak. (Str -2) [potion of
                  | mutation]
  3194 | D:4      | Lost mutation: You are weak. (Str -2) [potion of mutation]
  3324 | D:$      | Got out of the dungeon alive.

Levels and vault maps discovered:
D:1:      eino_arrival_water_cross, layout_loops_corners
D:2:      layout_basic, first_ration, serial_bayou_lake_a
D:3:      layout_loops_corners, ebering_ghost_sewer_d, gup_sewer_entry_spiral,
          minmay_misc_feat_more_columns
D:4:      layout_gridville, nicolae_overflow_crystal_walls,
          minmay_temple_entry_offerings, minivault_5
Temple:   regret_index_temple_sphere_string

Skill      XL: |  1  2  3  4  5  6 |
---------------+-------------------+-----
Invocations    | 1 2 |  2.5
Short Blades   | 1 2 |  2.2
Axes           | 1 2 |  2.2
Maces & Flails | 1 2 |  2.2
Polearms       | 1 2 |  2.2
Staves         | 1 2 |  2.2
Slings         | 1 2 |  2.2
Bows           | 1 2 |  2.2
Crossbows      | 1 2 |  2.2
Throwing       | 1 2 |  2.2
Dodging        | 1 2 |  2.2
Stealth        | 1 2 |  2.2
Unarmed Combat | 1 2 |  2.2
Spellcasting   | 1 2 |  2.2
Conjurations   | 1 |  1.8
Hexes          | 1 |  1.8
Charms         | 1 |  1.8
Summonings     | 1 |  1.8
Necromancy     | 1 |  1.8
Translocations | 1 |  1.8
Transmutations | 1 |  1.8
Fire Magic     | 1 |  1.8
Ice Magic      | 1 |  1.8
Air Magic      | 1 |  1.8
Earth Magic    | 1 |  1.8
Poison Magic   | 1 |  1.8
Evocations     | 1 2 |  2.2
Long Blades    | 5 |  5.1
Fighting       | |  6.9
Armour         | |  6.9
Shields        | |  6.9

Action                   |  1- 3 |  4- 6 |  7- 9 || total
-------------------------+-------+-------+-------++-------
Melee: Long sword        |    59 |   110 |    11 ||   180
       Bite              |     8 |    13 |     1 ||    22
  Use: Potion            |       |     1 |     3 ||     4
       Scroll            |       |     4 |       ||     4
  Eat: Chunk             |     2 |     3 |       ||     5
       Ration            |       |       |     1 ||     1
Armor: Scale mail        |    24 |       |       ||    24
       Chain mail        |    11 |    48 |     3 ||    62
Dodge: Dodged            |    19 |    39 |     5 ||    63
Block: Shield            |    29 |    79 |     6 ||   114
       Rpst.: Long sword |     6 |    11 |       ||    17
